cohdb
Replays
Latest Replays
All Replays
Popular Replays
Top Player Replays
Match Explorer
How It Works
Community
CoH3 Stats
Reddit
Sign in to upload your games and track your stats! →
Sign in with Steam
Match 45322403
Unlisted
Match 45322403
Overview
Messages
Build Orders
End
Construct Infanterie Kompanie
Kettenkrad Recon Vehicle
Selects Terror Battlegroup
Selects Machine Gun Camouflage
MG 42 Machine Gun Team
MG 42 Machine Gun Team
MG 42 Machine Gun Team
Medical Station
Infanterie Officer Quarters
Grenadier Squad
Construct Panzergrenadier Kompanie
Pak 40 Anti-tank Gun Team
Panzergrenadier Squad
Panzergrenadier Squad
Construct Panzer Kompanie
Selects No Quarter
Medical Bunker
Panzergrenadier Officer Quarters
MG 42 Bunker
Sturmpanzer IV Brummbär
Panzer IV Medium Tank
Elite Unit
Abeli
SharpShooter18O
GodEr
mirage200035
Spongekraut Reichpants
Pumtin
USFplayersaresoass
0
0
Comments
sign in to comment!
No comments posted yet!